 Dungeon Crawl Stone Soup version 0.29-a0-486-ga88943ba61 (webtiles) character file.

Game seed: 3550229652674327232

79 Bruhh the Magician (level 4, -1/31 HPs)
             Began as a Djinni Earth Elementalist on May 26, 2022.
             Slain by Ijyb
             ... wielding a +0 dagger
              (4 damage)
             ... on level 3 of the Dungeon.
             The game lasted 00:02:58 (3247 turns).

Bruhh the Magician (Djinni Earth Elementalist)      Turns: 3247, Time: 00:02:59

Health: -1/31      AC:  0    Str:  6 (7)  XL:     4   Next: 64%
Gold:   127        EV: 14    Int: 17 (18) God:
                   SH:  0    Dex: 11 (14)

rFire   . . .      SeeInvis .   (weapon currently unavailable)
rCold   . . .      Faith    .   (shield currently unavailable)
rNeg    . . .      Spirit   .   (body armour currently unavailable)
rPois   ∞          Reflect  .   (helmet currently unavailable)
rElec   .          Harm     .   (cloak currently unavailable)
rCorr   .          Rampage  .   (gloves currently unavailable)
Will    .....                   (boots unavailable)
Stlth   ++........              (no amulet)
HPRegen 0.10/turn               (ring currently unavailable)
MPRegen 0.00/turn               (ring currently unavailable)

@: pig-form, flying, very quick
A: fast, flying, no casting, sickness immunity, small, (fire resistance 2),
(cold vulnerability 1), float, innate caster, HP casting, extra vitality 1
a: no special abilities


You were on level 3 of the Dungeon.
You were a filthy swine.
You visited 1 branch of the dungeon, and saw 3 of its levels.

You collected 127 gold pieces.

Inventory:

Hand Weapons
 j - a +0 dagger (melded)
Missiles
 a - 13 stones
 q - 2 poisoned darts
Armour
 b - a +0 robe (melded)
 c - a +0 buckler
 f - a +0 cloak (melded)
Scrolls
 d - a scroll of noise {unknown}
 g - a scroll of fog {unknown}
 h - a scroll of summoning {unknown}
 n - 2 scrolls of enchant weapon {unknown}
 o - 2 scrolls of identify {unknown}
 p - 2 scrolls of magic mapping {unknown}
 r - a scroll of immolation {unknown}
Potions
 e - a potion of magic
 i - a potion of berserk rage {unknown}
 k - a potion of invisibility {unknown}
 l - a potion of might {unknown}
 m - a potion of degeneration


   Skills:
 - Level 2.1 Dodging
 - Level 1.5 Stealth
 + Level 3.9 Spellcasting


You couldn't memorise any spells.
You knew the following spells:

 Your Spells              Type           Power      Damage    Failure   Level
a - Sandblast             Erth           32%        2d9       3%          1
b - Passwall              Tmut/Erth      13%        N/A       4%          2
c - Stone Arrow           Conj/Erth      32%        3d9       10%         3
d - Petrify               Tmut/Erth      16%        N/A       30%         4
e - Apportation           Tloc           32%        N/A       3%          1
Your spell library was empty.

Dungeon Overview and Level Annotations

Branches:
Dungeon (3/15)

Altars:
Kikubaaqudgha

Annotations:
D:3 Ijyb


Innate Abilities, Weirdness & Mutations

You are a filthy swine.
You move quickly.
You are flying.
Your equipment is almost entirely melded.
You are incapable of wielding weapons or throwing items.
You cannot cast spells.
You are immune to sickness and miasma.
You are immune to poison.
((Your flesh is very heat resistant. (rF++)))
((You are vulnerable to cold. (rC-)))
You float through the air rather than walking.
You learn spells naturally, not from books.
Your magical power is your life essence.
You have superior vitality. (+4 MHP)


Message History

Ijyb is moderately wounded.
Ijyb hits you with a +0 dagger.
The blast of sand misses Ijyb.
Ijyb barely misses you. Ijyb hits you with a +0 dagger.
The blast of sand hits Ijyb.
Ijyb is severely wounded.
Ijyb zaps a wand.
You turn into a filthy swine.
Your +0 dagger melds into your body.
Your +0 cloak melds into your body.
Your +0 robe melds into your body.
You can't do that in your present form.
You can't do that in your present form.
Unknown command.
You barely miss Ijyb.
Ijyb is severely wounded.
Ijyb misses you.
You hit Ijyb but do no damage.
Ijyb is severely wounded.
Ijyb hits you with a +0 dagger. x2
Ijyb attacks as you move away! Ijyb hits you with a +0 dagger.
Ijyb attacks as you move away! Ijyb misses you. Ijyb attacks as you move away!
Ijyb completely misses you. Ijyb attacks as you move away!
Ijyb hits you with a +0 dagger.
* * * LOW HITPOINT WARNING * * *
It was a potion of magic.
Magic washes over you without effect. Ijyb completely misses you.
Ijyb screams, "Me very upset!"
Ijyb hits you with a +0 dagger.
* * * LOW HITPOINT WARNING * * *
It was a potion of degeneration.
There was something very wrong with that liquid.
You feel weakened.
You feel dopey.
You feel clumsy. Ijyb hits you with a +0 dagger.
* * * LOW HITPOINT WARNING * * *
You have no magic to restore.
You hit Ijyb but do no damage.
Ijyb is severely wounded.
Ijyb hits you with a +0 dagger.
* * * LOW HITPOINT WARNING * * *
Ijyb hits you with a +0 dagger.
You die...

##....#.#..##.#.......#.#
#.....#.#..##.#.......#.#
#.....#....##.##.....##.#
#.....###..##.####.####.#
#..#.......##...........#
#####..##.########.#.###..###
.................#.#......#
#......## #.#.########
#.......# #h#.#
#.#.....####g#.#
#.#..........#.#
#.###.#.######.# #.
#..........# #. ###.########
#. #.# #.# ..#


You could see Ijyb (fast).

Vanquished Creatures
  An adder (D:2)
  3 worms (D:2)
  4 dart slugs
  6 ball pythons
  6 endoplasms
  3 giant cockroaches
  4 goblins
  3 hobgoblins
  3 jackals (D:1)
  4 quokkas
  2 bats
  6 frilled lizards
  2 kobolds
  4 rats (D:1)
51 creatures vanquished.

Notes
Turn   | Place    | Note
-------+----------+-------------------------------------------
     0 | D:1      | Bruhh the Djinni Earth Elementalist began the quest for the
                  | Orb.
     0 | D:1      | Reached XP level 1. HP: 15/15 MP: 0/0
   277 | D:1      | Reached XP level 2. HP: 19/21 MP: 0/0
   480 | D:1      | Reached skill level 3 in Spellcasting
   683 | D:1      | Reached XP level 3. HP: 14/25 MP: 0/0
   683 | D:1      | Learned a level 1 spell: Apportation
   875 | D:1      | Found a faded altar of an unknown god.
  2262 | D:2      | Reached XP level 4. HP: 23/31 MP: 0/0
  3224 | D:3      | Noticed Ijyb
  3247 | D:3      | Slain by Ijyb

Illustrated notes

Levels and vault maps discovered:
D:1:      noname_arrival_rooms_in_the_neighbourhood, layout_basic,
          basic_ecumenical_altar, minmay_domino_2
D:2:      layout_basic, minmay_tree_intersection, grunt_decor_cap
D:3:      layout_basic, old_standard_altar, uniq_ijyb

Skill      XL: |  1  2 |
---------------+-------+-----
Spellcasting   | 3 |  3.9
Dodging        | |  2.1
Stealth        | |  1.5

Action                   |  1- 3 |  4- 6 || total
-------------------------+-------+-------++-------
Melee: Dagger            |    46 |     2 ||    48
       Unarmed           |     1 |     3 ||     4
 Cast: Sandblast         |    35 |    28 ||    63
  Use: Potion            |       |     2 ||     2
 Stab: Sleeping          |     3 |       ||     3
Armor: Robe              |    13 |     4 ||    17
Dodge: Dodged            |    26 |     6 ||    32

Table legend: (Time is in decaauts)
 A = Elapsed time spent in this place.
 B = Non-inter-level travel time spent in this place.
 C = Inter-level travel time spent in this place.
 D = Time resting spent in this place.
 E = Time spent auto-exploring this place.
 F = Levels seen in this place.
 G = Mean time per level.
                   A        B        C        D        E       F      G
               +--------+--------+--------+--------+--------+-----+--------+
         Total |   3242 |   3154 |     88 |      0 |   2796 |   3 | 1080.7 |
       Dungeon |   3242 |   3154 |     88 |      0 |   2796 |   3 | 1080.7 |
               +--------+--------+--------+--------+--------+-----+--------+

Top non-repeatable levels by time:
     D:2: 1559 daAuts
     D:1: 1450 daAuts
     D:3: 232 daAuts
